 Dungeon Crawl Stone Soup version 0.27-a0-1139-g28e009f8a6 (webtiles) character file.

Game seed: 8500332254017929632

74 leviel the Shield-Bearer (level 4, -4/37 HPs)
             Began as a Formicid Fighter on May 7, 2021.
             Slain by an iguana (5 damage)
             ... on level 4 of the Dungeon.
             The game lasted 00:01:54 (2641 turns).

leviel the Shield-Bearer (Formicid Fighter)         Turns: 2641, Time: 00:01:55

Health: -4/37      AC:  7    Str: 22    XL:     4   Next: 54%
Magic:  4/4        EV:  8    Int:  7    God:
Gold:   161        SH:  9    Dex: 10    Spells: 3/3 levels left

rFire    . . .     SeeInvis +   a - +0 war axe
rCold    . . .     Faith    .   c - +0 kite shield
rNeg     . . .     Spirit   .   b - +0 scale mail
rPois    +         Reflect  .   (helmet unavailable)
rElec    .         Harm     .   (no cloak)
rCorr    .         Rampage  .   (no gloves)
Will     .....                  (no boots)
Stlth    ..........             (no amulet)
HPRegen  0.12/turn              o - ring of poison resistance
MPRegen  0.09/turn              (no ring)

@: lethally poisoned (-4 -> -12)
A: permanent stasis, dig shafts and tunnels, antennae 3, four strong arms
a: Dig, Shaft Self


You were on level 4 of the Dungeon.
You visited 1 branch of the dungeon, and saw 4 of its levels.

You collected 161 gold pieces.

Inventory:

Hand Weapons
 a - a +0 war axe (weapon)
Armour
 b - a +0 scale mail (worn)
 c - a +0 kite shield (worn)
Jewellery
 o - a ring of poison resistance (left hand)
Scrolls
 f - 3 scrolls of amnesia {unknown}
 g - a scroll of enchant weapon {unknown}
 i - a scroll of blinking {unknown}
 l - a scroll of enchant armour {unknown}
Potions
 d - a potion of might
 e - 2 potions of magic {unknown}
 h - a potion of brilliance {unknown}
 j - 2 potions of lignification {unknown}
 m - a potion of ambrosia {unknown}
 n - a potion of haste {unknown}


   Skills:
 * Level 3.9 Fighting
 + Level 2.9 Axes
 - Level 4.0 Armour
 - Level 0.2 Dodging
 - Level 4.0 Shields


You had 3 spell levels left.
You didn't know any spells.
Your spell library was empty.

Dungeon Overview and Level Annotations

Branches:
Dungeon (4/15)
 Temple: D:4-7

Altars:
Qazlal

Annotations:
D:2 1 runed translucent door, Crazy Yiuf


Innate Abilities, Weirdness & Mutations

You cannot be hasted, slowed, berserked, paralysed or teleported.
You can dig through walls and to a lower floor.
You have a pair of large antennae on your head. (SInv)
Your four strong arms can wield two-handed weapons with a shield.


Message History

There is a stone staircase leading down here.
You climb downwards.
An iguana and a jackal come into view.
The iguana hisses angrily.
The jackal barks!
You hear a bark!
Found a robe, 17 gold pieces and a lumpy red potion.
There is a stone staircase leading up here.
There are monsters nearby!
A scorpion comes into view.
A jackal comes into view.
The scorpion moves out of view.
The iguana barely misses you.
You slash the iguana!
The iguana is heavily wounded.
The iguana bites you but does no damage.
You completely miss the iguana.
The iguana is heavily wounded.
You hit the jackal. The jackal bites you. You block the iguana's attack.
The jackal bites you but does no damage.
The iguana bites you!
You closely miss the jackal.
The jackal is almost dead.
You hit the iguana. You barely miss the scorpion.
The jackal bites you but does no damage.
You block the scorpion's attack. The iguana bites you!
The jackal bites you but does no damage.
The scorpion stings you.
* * * LOW HITPOINT WARNING * * *
You are lethally poisoned!
The scorpion poisons you!
You closely miss the jackal. You hit the jackal.
You kill the jackal!
You closely miss the scorpion. You hit the iguana.
* * * LOW HITPOINT WARNING * * *
You feel very sick. You block the jackal's attack. The iguana bites you.
* * * LOW HITPOINT WARNING * * *
The scorpion stings you.
* * * LOW HITPOINT WARNING * * *
The jackal bites you but does no damage.
The iguana bites you.
You die...

.### ... .... .
#.. .. ##..#
######..
..#....##......
........#...# {
.......<.h..##
.......$..@l.# {
.........s.!..#
........#.##.....#
##......### .....#
##..#..#{ ##...
#.##.h. .. #..
#... . #. #h.


You could see a scorpion, an iguana and a jackal.

Vanquished Creatures
  2 adders (D:2)
  A worm (D:2)
  A dart slug (D:1)
  4 orcs (D:3)
  4 ball pythons
  5 endoplasms
  2 giant cockroaches
  3 goblins
  5 hobgoblins
  3 jackals
  3 kobolds
  5 quokkas
  2 bats
  3 frilled lizards
  3 rats
46 creatures vanquished.

Notes
Turn   | Place    | Note
-------+----------+-------------------------------------------
     0 | D:1      | leviel the Formicid Fighter began the quest for the Orb.
     0 | D:1      | Reached XP level 1. HP: 18/18 MP: 1/1
   165 | D:1      | Reached XP level 2. HP: 24/24 MP: 2/2
   423 | D:1      | Found a faded altar of an unknown god.
   836 | D:1      | Reached XP level 3. HP: 30/30 MP: 3/3
  1604 | D:2      | Reached XP level 4. HP: 37/37 MP: 4/4
  1651 | D:2      | Found a runed translucent door.
  1652 | D:2      | Noticed Crazy Yiuf
  1914 | D:3      | Found a stormy altar of Qazlal.
  2635 | D:4      | Noticed a scorpion
  2641 | D:4      | HP: 1/37 [scorpion (3)]
  2641 | D:4      | Slain by an iguana

Illustrated notes

Levels and vault maps discovered:
D:1:      amcnicky_arrival_single_pillar, layout_basic,
          ebering_ecumenical_altar_webs
D:2:      layout_loops_ring, uniq_crazy_yiuf_cottage
D:3:      layout_loops_cross, old_standard_altar, minivault_26
D:4:      layout_cave_pools, cheibriados_altar_1

Skill      XL: |  1  2  3  4 |
---------------+-------------+-----
Shields        | 4 |  4.0
Armour         | 4 |  4.0
Fighting       | |  3.9
Axes           | |  2.9
Dodging        | |  0.2

Action                   |  1- 3 |  4- 6 || total
-------------------------+-------+-------++-------
Melee: War axe           |   122 |    30 ||   152
Armor: Scale mail        |    49 |    13 ||    62
Dodge: Dodged            |    32 |    11 ||    43
Block: Kite shield       |    67 |    17 ||    84

Table legend: (Time is in decaauts)
 A = Elapsed time spent in this place.
 B = Non-inter-level travel time spent in this place.
 C = Inter-level travel time spent in this place.
 D = Time resting spent in this place.
 E = Time spent auto-exploring this place.
 F = Levels seen in this place.
 G = Mean time per level.
                   A        B        C        D        E       F      G
               +--------+--------+--------+--------+--------+-----+--------+
         Total |   2722 |   2653 |     69 |      0 |   2268 |   4 |  680.5 |
       Dungeon |   2722 |   2653 |     69 |      0 |   2268 |   4 |  680.5 |
               +--------+--------+--------+--------+--------+-----+--------+

Top non-repeatable levels by time:
     D:1: 1091 daAuts
     D:2: 823 daAuts
     D:3: 799 daAuts
     D:4: 8 daAuts
